 Dungeon Crawl Stone Soup version 0.30-a0-782-ge64f9170bb (webtiles) character file.

Game seed: 5019495534313106396

109144 Conn the Thaumaturge (level 16, -1/101 HPs)
             Began as an Octopode Fire Elementalist on Feb 26, 2023.
             Was an Elder of Sif Muna.
             Killed by the air
             ... invoked by a wind drake
              (22 damage)
             ... on level 3 of the Shoals.
             The game lasted 02:04:47 (28917 turns).

Conn the Thaumaturge (Octopode Fire Elementalist)  Turns: 28917, Time: 02:04:48

Health: -1/101     AC:  3    Str: 18    XL:     16   Next: 51%
Magic:  9/50       EV: 19    Int: 35    God:    Sif Muna [****..]
Gold:   2259       SH:  5    Dex: 13    Spells: 5/40 levels left

rFire   + + .      SeeInvis .    a - +12 glaive of Prune {freeze, Prune}
rCold   . . .      Faith    .    (shield currently unavailable)
rNeg    . . .      Spirit   .    o - +2 hat
rPois   +          Reflect  +    U - amulet of reflection
rElec   .          Harm     .    e - ring of protection from fire
rCorr   +          Rampage  .    p - +6 ring of intelligence
Will    ++...                    M - +6 ring of intelligence
Stlth   +++++                    z - ring of Anofruin {rPois Will+ MP+9 Str+3}
HPRegen 1.16/turn                t - +5 ring of evasion
MPRegen 0.32/turn                B - ring of magical power
                                 J - +6 ring of strength
                                 h - ring of Neckug {*Slow rPois rF+ rCorr Stlth+}

@: channelling, very slightly contaminated
A: almost no armour, amphibious, 8 rings, camouflage 1, gelatinous body 1,
nimble swimmer 1, tentacles, regeneration 1
a: Renounce Religion, Channel Magic, Forget Spell, Divine Exegesis


You were on level 3 of the Shoals.
You worshipped Sif Muna.
Sif Muna was greatly pleased with you.
You visited 5 branches of the dungeon, and saw 25 of its levels.
You also visited: Ossuary and Gauntlet.

You collected 2547 gold pieces.
You spent 288 gold pieces at shops.

Inventory:

Hand Weapons
 a - the +12 glaive of Prune (weapon) {freeze, Prune}
   (You took it off a minotaur in a Gauntlet)

   Prune:     It halves damage taken while paralysed, petrified or unconscious.
 K - a +5 longbow of flaming
Missiles
 E - 7 throwing nets
 F - 12 silver javelins
Armour
 m - a +2 kite shield
 o - a +2 hat (worn)
Magical Staves
 b - a staff of conjuration
Jewellery
 e - a ring of protection from fire (left tentacle)
 h - the ring of Neckug (on tentacle) {*Slow rPois rF+ rCorr Stlth+}
   (You found it in a Gauntlet)

   [ring of protection from fire]

   rF:        It protects you from fire.
   rPois:     It protects you from poison.
   rCorr:     It protects you from acid and corrosion.
   *Slow:     It may slow you when you take damage.
   Stlth:     It makes you more stealthy.
 k - a ring of flight
 p - a +6 ring of intelligence (right tentacle)
 t - a +5 ring of evasion (on tentacle)
 w - the necklace of Bloodlust {Fury *Rage Will++ Int-3 Slay+6}
   (You found it in a Gauntlet)

   [amulet of nothing]

   Fury:      It extends the wearer's berserk rage when killing foes.
   Int:       It affects your intelligence (-3).
   Slay:      It affects your accuracy & damage with ranged weapons and melee
   (+6).
   *Rage:     It berserks you when you make melee attacks (+50% chance).
   Will:      It greatly increases your willpower.
 z - the ring of Anofruin (on tentacle) {rPois Will+ MP+9 Str+3}
   (You found it on level 5 of the Dungeon)

   [ring of magical power]

   Str:       It affects your strength (+3).
   rPois:     It protects you from poison.
   MP:        It affects your magic capacity (+9).
   Will:      It increases your willpower.
 B - a ring of magical power (on tentacle)
 G - a ring of resist corrosion
 J - a +6 ring of strength (on tentacle)
 M - a +6 ring of intelligence (on tentacle)
 U - an amulet of reflection (around mantle)
 X - a ring of protection from fire
Wands
 A - a wand of light (14)
 I - a wand of flame (55)
 N - a wand of iceblast (15)
 T - a wand of paralysis (7)
 Z - a wand of mindburst (2)
Scrolls
 c - 9 scrolls of teleportation
 l - 7 scrolls of blinking
 q - 3 scrolls of amnesia
 x - 5 scrolls of fear
 C - 4 scrolls of magic mapping
 H - 11 scrolls of immolation
 P - 9 scrolls of identify
 Q - 2 scrolls of poison
 S - a scroll of torment
Potions
 d - 4 potions of mutation
 f - a potion of ambrosia
 g - 2 potions of might
 j - a potion of resistance
 n - 15 potions of curing
 r - 6 potions of cancellation
 u - 3 potions of brilliance
 v - 4 potions of magic
 L - 2 potions of berserk rage
 O - a potion of heal wounds
 R - 4 potions of flight
 V - a potion of lignification


   Skills:
 + Level 6.4 Fighting
 + Level 1.5 Short Blades
 + Level 6.5 Polearms
 + Level 1.1(4.2) Staves
 + Level 4.5 Dodging
 - Level 3.5 Stealth
 + Level 6.1 Shields
 + Level 12.8 Spellcasting
 * Level 12.4 Conjurations
 - Level 4.3 Hexes
 + Level 6.8 Summonings
 + Level 4.2 Translocations
 + Level 12.0 Fire Magic
 + Level 5.8 Ice Magic
 - Level 5.0 Air Magic
 + Level 0.6 Earth Magic
 - Level 6.1 Poison Magic
 * Level 10.2 Invocations


You had 5 spell levels left.
You knew the following spells:

 Your Spells              Type           Power      Damage    Failure   Level
a - Foxfire               Conj/Fire      100%       2x1d9     0%          1
b - Mephitic Cloud        Conj/Pois/Air  67%        N/A       1%          3
c - Inner Flame           Hex/Fire       68%        N/A       1%          3
d - Flame Wave            Conj/Fire      83%        2d18      1%          4
e - Scorch                Fire           100%       2d10      1%          2
f - Blink                 Tloc           100%       N/A       1%          2
g - Summon Guardian Gole  Hex/Summ       57%        N/A       1%          3
h - Ozocubu's Armour      Ice            59%        N/A       1%          3
i - Starburst             Conj/Fire      41%        6d12      1%          6
j - Stone Arrow           Conj/Erth      100%       3d13      1%          3
k - Metabolic Englaciati  Hex/Ice        27%        N/A       6%          5

Your spell library contained the following spells:

 Spells                   Type           Power      Damage    Failure   Level
 Magic Dart               Conj           100%       1d8       0%          1
 Searing Ray              Conj           100%       2d8       0%          2
 Sandblast                Erth           52%        2d12      1%          1
 Shock                    Conj/Air       100%       1d9       1%          1
 Sting                    Tmut/Pois      100%       1d8       1%          1
 Call Imp                 Summ           63%        N/A       1%          2
 Ensorcelled Hibernation  Hex/Ice        100%       N/A       1%          2
 Momentum Strike          Conj/Tloc      100%       3d10      1%          2
 Poisonous Vapours        Pois/Air       100%       N/A       1%          2
 Static Discharge         Conj/Air       100%       2-7/arc   1%          2
 Call Canine Familiar     Summ           63%        N/A       1%          3
 Gell's Gravitas          Tloc           51%        N/A       1%          3
 Ignite Poison            Fire/Tmut/Pois 59%        N/A       1%          3
 Kindle Blastsparks       Fire/Tloc/Air  100%       2d18      1%          3
 Portal Projectile        Hex/Tloc       100%       N/A       1%          3
 Spider Form              Tmut/Pois      43%        N/A       1%          3
 Teleport Other           Tloc           51%        N/A       1%          3
 Tukima's Dance           Hex            51%        N/A       1%          3
 Vhi's Electric Charge    Tloc/Air       100%       N/A       1%          3
 Fulminant Prism          Conj/Hex       34%        3d16      1%          4
 Olgreb's Toxic Radiance  Pois           60%        N/A       1%          4
 Sticky Flame             Conj/Fire      83%        2d9       1%          4
 Arcjolt                  Conj/Air       35%        1d45      1%          5
 Iskenderun's Battlesphe  Conj           83%        2d13      1%          5
 Lightning Bolt           Conj/Air       35%        1d53      1%          5
 Passwall                 Tmut/Erth      20%        N/A       2%          2
 Manifold Assault         Tloc           51%        N/A       3%          4
 Passage of Golubria      Tloc           51%        N/A       3%          4
 Irradiate                Conj/Tmut      30%        3d21      4%          5
 Summon Forest            Summ/Tloc      28%        N/A       5%          5
 Summon Mana Viper        Hex/Summ       57%        N/A       5%          5
 Leda's Liquefaction      Hex/Erth       19%        N/A       7%          4
 Anguish                  Hex/Necr       18%        N/A       8%          4
 Yara's Violent Unravell  Hex/Tmut       18%        3d9       22%         5
 Borgnjor's Vile Clutch   Necr/Erth      12%        N/A       41%         5
 Orb of Destruction       Conj           41%        9d11      10%         7
 Summon Cactus Giant      Summ           31%        N/A       17%         6
 Spellforged Servitor     Conj/Summ      37%        N/A       30%         7
 Dispersal                Tloc           25%        N/A       45%         6
 Ignition                 Fire           41%        3d12      65%         8
 Ozocubu's Refrigeration  Ice            29%        4d14      80%         7
 Haunt                    Necr/Summ      23%        N/A       98%         7
 Storm Form               Tmut/Air       19%        N/A       99%         7
 Lehudib's Crystal Spear  Conj/Erth      31%        10d8      100%        8
 Chain Lightning          Conj/Air       35%        3d46      100%        9
 Animate Armour           Summ/Erth      Unusable   N/A       N/A         4

Dungeon Overview and Level Annotations

Branches:
Dungeon (14/15)            Temple (1/1) D:7            Lair (5/5) D:9
 Shoals (3/4) Lair:3       Spider (0/4) Lair:2        Slime (0/5) Lair:5
    Orc (2/2) D:11            Elf (0/3) Orc:2       Ossuary (visited)
Gauntlet (visited)
 Vaults: D:13-14

Altars:
Ashenzari
Cheibriados
Dithmenos
Elyvilon
Fedhas
Gozag
Hepliaklqana
Kikubaaqudgha
Makhleb
Nemelex Xobeh
Okawaru
Qazlal
Ru
Sif Muna
Trog
Uskayaw
Vehumet
Wu Jian
Yredelemnul
Zin
The Shining One
Jiyva

Shops:
D:9 *   Orc:2 [(*(

Annotations:
Shoals:3 1 runed translucent door


Innate Abilities, Weirdness & Mutations

You cannot wear most types of armour.
You are amphibious.
You can wear up to eight rings at the same time.
Your skin changes colour to match your surroundings (Stealth+).
Your rubbery body absorbs attacks. (AC +1, EV +1)
You are camouflaged when in or above water. (Stealth+)
You have tentacles for arms and can constrict up to eight enemies at once.
Your natural rate of healing is unusually fast.


Message History

Press: ? - help, Dir - look around, f - activate You miscast Starburst.
You are very lightly contaminated with residual magic.
Nothing appears to happen.
A nearby plant withers and dies. x5
The wind drake flaps its wings at you. The air twists around and strikes you!
* * * LOW HITPOINT WARNING * * *
The water elemental is engulfed in a cloud of scalding steam.
The merfolk hits the merfolk javelineer with a +0 trident!
The merfolk javelineer is killed!
Sif Muna accepts your kill.
A merfolk avatar comes into view.
Unknown command.
Unknown command.
You feel much better.
A nearby plant withers and dies. x2
The plant is engulfed in a cloud of scalding steam.
A nearby plant withers and dies.
The wind drake is engulfed in a cloud of scalding steam.
The merfolk avatar is engulfed in a cloud of scalding steam.
The merfolk avatar moves out of view.
Casting: Starburst (dangerous; 1% risk of failure)
Confirm with . or Enter, or press ? or * to list all spells.
Okay, then.
The merfolk is no longer moving slowly.
The wind drake flaps its wings at you. The air twists around and strikes you!
* * * LOW HITPOINT WARNING * * *
The water elemental completely misses you.
Casting: Starburst (dangerous; 1% risk of failure)
Confirm with . or Enter, or press ? or * to list all spells.
Your icy armour will break if you move.
Continue?
You blink.
Your icy armour cracks and falls away as you move.
Floosh!
You fall into the shallow water. 2 harpies come into view.
The harpy screeches! x2
The wind drake flaps its wings at you. The air twists around and strikes you!!
You die...

≈≈≈≈≈≈≈≈≈≈≈≈≈≈≈≈≈≈≈≈≈§≈≈≈≈≈≈≈
≈≈≈≈≈≈≈≈≈≈≈≈≈≈≈≈≈≈≈~~§≈≈≈≈≈≈≈
≈≈≈≈≈≈≈≈≈≈≈≈≈≈≈≈~~~~~~~~≈≈≈≈≈
≈≈≈≈≈≈≈≈≈≈≈≈≈≈≈~~~~~~~~~m≈≈≈≈
≈≈≈≈≈≈≈≈≈≈≈≈≈≈~~~~~†E§k~§)§~≈
≈≈≈≈≈≈≈≈≈≈≈≈≈~~~~~....>~~~~~~
≈≈≈≈≈≈≈≈≈≈≈≈≈~~~~.P##...~~§~~
≈≈≈≈≈≈≈≈≈≈≈≈~~~~~.###.P?t....
≈≈≈≈≈≈≈≈≈≈≈≈≈~H@..# #..P...P$
≈≈≈≈≈≈≈≈≈≈≈≈≈≈≈H~~...S.PP.P..
≈≈≈≈≈≈≈≈≈≈≈≈≈≈≈~~~.P.#.PPP###
≈≈≈≈≈≈≈≈≈≈≈≈≈≈≈≈~......~PP#
≈≈≈≈≈≈≈≈≈≈≈≈≈≈≈≈~~~~~~.
≈≈≈≈≈~≈≈≈≈≈≈≈≈~~~~~~~~~
≈≈≈≈~~~~~≈≈≈≈≈≈~~~~~~~~
≈≈≈≈~~~~~≈≈≈≈≈≈≈≈≈~~~~~
≈≈≈~~~~~~~≈≈≈≈≈


You could see a sea snake (slow), a wind drake (repels missiles), a water
elemental and 2 harpies.

Vanquished Creatures
  A dire elephant (Lair:5)
  Nessos (D:12)
  A minotaur (Gauntlet)
  Azrael (D:13)
  3 merfolk impalers (Shoals:2)
  A merfolk javelineer (Shoals:3)
  Erolcha (D:10)
  A catoblepas (Lair:5)
  A merfolk avatar (Shoals:2)
  5 centaur warriors
  A hydra (Lair:5)
  Erica (D:8)
  9 two-headed ogres
  2 ogre magi (Orc:2)
  4 death yaks (Lair:5)
  A deep troll shaman (Lair:5)
  A boulder beetle (D:14)
  2 tengu warriors (D:14)
  A sun demon (D:13)
  A soul eater (D:13)
  Nergalle (Lair:1)
  2 skeletal warriors (D:14)
  6 sea snakes
  6 skysharks
  2 deep trolls (Orc:2)
  An orange crystal statue (Gauntlet)
  A wolf spider zombie (Gauntlet)
  17 harpies
  2 orc knights (Orc:1)
  A deep elf pyromancer (D:12)
  2 orc sorcerers
  5 manticores
  2 ugly things (D:12)
  15 fauns
  3 cyclopes
  Maurice (D:9)
  15 elephants
  2 black mambas (Lair:5)
  A rust devil (D:13)
  8 water nymphs
  A smoke demon (D:13)
  5 merfolk sirens
  11 cane toads
  An unseen horror (D:10)
  A gargoyle (D:14)
  Maggie (Lair:2)
  A rime drake (Lair:5)
  3 efreet
  An orange demon (D:13)
  2 red devils (D:13)
  An ice devil (D:13)
  A freezing wraith (D:14)
  4 komodo dragons
  12 trolls
  7 polar bears
  11 merfolk
  3 hellwings
  3 snapping turtles
  19 blink frogs
  2 large abominations (Gauntlet)
  6 dream sheep (Lair:3)
  A slime creature (D:14)
  A vampire (D:13)
  4 culicivoras (Lair:2)
  A shadow (D:11)
  2 water elementals
  5 wraiths
  2 fire elementals (D:13)
  An unseen horror simulacrum (D:8)
  38 yaks
  4 wyverns
  A basilisk (Lair:4)
  2 steam dragons (D:8)
  4 vampire mosquitoes
  4 wargs
  6 small abominations (Gauntlet)
  An acid dragon (D:11)
  11 water moccasins
  2 hell hounds (D:13)
  Duvessa (D:5)
  8 orc warriors
  7 ice beasts
  A black bear (D:4)
  A sky beast (D:6)
  7 wolves
  20 ogres
  10 centaurs
  2 phantoms
  3 kobold brigands
  5 bullfrogs
  A necrophage (D:6)
  2 gnoll sergeants
  4 scorpions
  5 wights (D:7)
  Dowan (D:5)
  17 killer bees
  An electric eel (D:8)
  7 howler monkeys
  2 hounds
  A gnoll bouda (Lair:2)
  3 jellies
  23 orc priests
  Crazy Yiuf (D:3)
  5 iguanas
  20 orc wizards
  7 hell rats (Lair:5)
  2 centaur simulacra
  9 mummies
  A killer bee simulacrum (D:8)
  10 gnolls
  4 adders
  3 shadow imps
  6 white imps
  4 worms
  2 dart slugs (D:3)
  100 orcs
  4 bats
  6 endoplasms
  A giant cockroach (D:2)
  5 goblins
  7 hobgoblins
  6 jackals
  2 quokkas
  3 ball pythons
  4 frilled lizards
  5 hobgoblin zombies
  23 kobolds
  4 kobold zombies
  An orc zombie (Ossuary)
  9 rats
  A bush (Lair:2)
  A foxfire (Lair:5)
  2 fulminant prisms
708 creatures vanquished.

Vanquished Creatures (collateral kills)
  13 foxfires
13 creatures vanquished.

Vanquished Creatures (others)
  A merfolk impaler (Shoals:2)
  The ghost of Lasawaed the Arsonist, a journeyman GrFE of Vehumet (Lair:2)
  A hydra (D:13)
  A boulder beetle (Lair:3)
  A death yak (Lair:5)
  3 skeletal warriors
  A death drake (Gauntlet)
  A shadow (D:12)
  A bush (Lair:5)
  7 demonic plants (D:13)
  1693 foxfires
  11 fulminant prisms
  32 fungi
  126 plants
1880 creatures vanquished.

Grand Total: 2601 creatures vanquished

Notes
Turn   | Place    | Note
-------+----------+-------------------------------------------
     0 | D:1      | Conn the Octopode Fire Elementalist began the quest for the
                  | Orb.
     0 | D:1      | Reached XP level 1. HP: 11/11 MP: 3/3
   308 | D:1      | Reached XP level 2. HP: 8/17 MP: 3/5
  1058 | D:2      | Reached XP level 3. HP: 21/21 MP: 1/6
  1061 | D:2      | Learned a level 2 spell: Scorch
  1065 | D:2      | Learned a level 3 spell: Inner Flame
  1356 | D:2      | Reached XP level 4. HP: 18/27 MP: 1/8
  1493 | D:2      | Found a faded altar of an unknown god.
  2266 | D:3      | Reached XP level 5. HP: 31/31 MP: 0/9
  2599 | D:3      | Reached skill level 1 in Shields
  2991 | D:3      | Found a runed translucent door.
  2992 | D:3      | Noticed Crazy Yiuf
  2997 | D:3      | Killed Crazy Yiuf
  3113 | D:4      | Reached skill level 1 in Short Blades
  3185 | D:4      | Reached XP level 6. HP: 30/36 MP: 11/11
  3283 | D:4      | Noticed a black bear
  3289 | D:4      | Killed a black bear
  3355 | D:4      | Found a sand-covered staircase.
  3362 | Ossuary  | Entered an ossuary
  3764 | Ossuary  | Reached XP level 7. HP: 42/42 MP: 6/13
  3892 | Ossuary  | Learned a level 4 spell: Flame Wave
  3896 | Ossuary  | Learned a level 3 spell: Mephitic Cloud
  4156 | D:4      | Gained mutation: Your natural rate of healing is unusually
                  | fast. [potion of mutation]
  4387 | D:4      | Reached skill level 1 in Poison Magic
  4568 | D:5      | Entered Level 5 of the Dungeon
  4575 | D:5      | Reached skill level 1 in Staves
  4575 | D:5      | Reached skill level 1 in Air Magic
  4736 | D:5      | Noticed a wraith
  4742 | D:5      | Killed a wraith
  4889 | D:5      | Found a transporter.
  4926 | D:5      | Found a sparkling altar of Nemelex Xobeh.
  4946 | D:5      | Reached XP level 8. HP: 47/47 MP: 6/14
  5073 | D:5      | Identified the ring of Anofruin {rPois Will+ MP+9 Str+3}
  5266 | D:5      | Found a transporter.
  5466 | D:5      | Noticed Duvessa
  5467 | D:5      | Noticed Dowan
  5477 | D:5      | Killed Dowan
  5487 | D:5      | Killed Duvessa
  5684 | D:5      | Reached skill level 5 in Fire Magic
  5890 | D:5      | Reached skill level 5 in Conjurations
  6094 | D:6      | Reached skill level 5 in Spellcasting
  6244 | D:6      | Reached XP level 9. HP: 46/52 MP: 8/16
  6984 | D:7      | Found a staircase to the Ecumenical Temple.
  6989 | Temple   | Entered the Ecumenical Temple
  7038 | Temple   | Became a worshipper of Sif Muna the Loreminder
  7267 | D:7      | Reached skill level 5 in Shields
  7445 | D:7      | Reached * piety under Sif Muna
  7646 | D:7      | Reached skill level 1 in Hexes
  7745 | D:7      | Found a broken altar of Ashenzari.
  7832 | D:7      | Found an ornate altar of the Wu Jian Council.
  7899 | D:7      | Found a bloodstained altar of Trog.
  8145 | D:8      | Reached XP level 10. HP: 55/57 MP: 19/19
  8243 | D:8      | Reached skill level 5 in Poison Magic
  8364 | D:8      | Noticed Erica
  8375 | D:8      | Killed Erica
  8748 | D:8      | Reached ** piety under Sif Muna
  8997 | D:8      | Learned a level 2 spell: Blink
  9001 | D:8      | Learned a level 3 spell: Summon Guardian Golem
  9038 | D:8      | Reached skill level 1 in Translocations
  9041 | D:8      | Reached skill level 1 in Invocations
  9119 | D:8      | Identified the +1 plate armour of Qazlal's Esteem {rN+
                  | Will- MP+9}
  9512 | D:9      | Reached skill level 1 in Summonings
  9598 | D:9      | Reached skill level 1 in Fighting
  9843 | D:9      | Reached XP level 11. HP: 63/63 MP: 22/22
  9947 | D:9      | Found a staircase to the Lair.
  9968 | D:9      | Found Zolas's Assorted Antiques.
  9976 | D:9      | Bought a weird smoking staff for 288 gold pieces
 10059 | D:9      | Noticed Maurice
 10066 | D:9      | Killed Maurice
 10185 | D:9      | Found a sacrificial altar of Ru.
 10571 | D:9      | Reached *** piety under Sif Muna
 10759 | Lair:1   | Entered Level 1 of the Lair of Beasts
 10801 | Lair:1   | Found a gate leading to a gauntlet.
 10858 | Gauntlet | Entered a Gauntlet
 10858 | Gauntlet | Found a transporter.
 10858 | Gauntlet | Found a transporter.
 10858 | Gauntlet | Found a runed translucent door.
 10858 | Gauntlet | Found a runed translucent door.
 10860 | Gauntlet | Noticed a necromancer
 10862 | Gauntlet | Noticed a soul eater
 10900 | Gauntlet | Found a transporter.
 10918 | Gauntlet | Found a transporter.
 10918 | Gauntlet | Found a transporter.
 10921 | Gauntlet | Found a transporter.
 10921 | Gauntlet | Found a transporter.
 10922 | Gauntlet | Found a transporter.
 10923 | Gauntlet | Noticed a death yak
 10923 | Gauntlet | Noticed a death yak
 10925 | Gauntlet | Noticed a death yak
 10928 | Gauntlet | Noticed a death yak
 10931 | Gauntlet | Noticed a death yak
 10936 | Gauntlet | Found a transporter.
 10949 | Gauntlet | Noticed an orange crystal statue
 10951 | Gauntlet | Found a runed translucent gate.
 10952 | Gauntlet | Found a transporter.
 10952 | Gauntlet | Found a runed translucent gate.
 10953 | Gauntlet | Found a runed translucent gate.
 10962 | Gauntlet | Found a transporter.
 10979 | Gauntlet | Found a transporter.
 10981 | Gauntlet | Noticed an obsidian statue
 10997 | Gauntlet | Found a transporter.
 10998 | Gauntlet | Found the necklace of Bloodlust {Fury *Rage Will++ Int-3
                  | Slay+6}
 11012 | Gauntlet | Found a transporter.
 11060 | Gauntlet | Learned a level 3 spell: Ozocubu's Armour
 11200 | Gauntlet | Noticed a death drake
 11227 | Gauntlet | Killed a death drake
 11228 | Gauntlet | Reached skill level 1 in Ice Magic
 11406 | Gauntlet | Got Pomean's Tome of the Maledictive Rocks
 11410 | Gauntlet | Identified the +1 pair of boots "Rywniam" {rCorr Int+6}
 11476 | Gauntlet | Learned a level 4 spell: Fulminant Prism
 11497 | Gauntlet | Killed an orange crystal statue
 11502 | Gauntlet | Identified the ring of Neckug {*Slow rPois rF+ rCorr
                  | Stlth+}
 11610 | Gauntlet | Noticed a minotaur
 11617 | Gauntlet | Killed a minotaur
 11638 | Gauntlet | Identified the +1 pair of boots "Biuriff" {rF++ Regen+
                  | Int-3 Stlth+}
 11788 | Lair:1   | You fall into a shaft and drop 1 floor!
 11932 | Lair:2   | Found a runed translucent gate.
 11933 | Lair:2   | Found a runed translucent gate.
 11935 | Lair:2   | Found a runed translucent gate.
 11936 | Lair:2   | Noticed Lasawaed's ghost (journeyman GrFE)
 11958 | Lair:2   | Killed Lasawaed's ghost
 11967 | Lair:2   | Reached XP level 12. HP: 69/69 MP: 14/24
 12103 | Lair:2   | Found a hole to the Spider Nest.
 12381 | Lair:2   | Noticed Maggie
 12394 | Lair:2   | Killed Maggie
 12847 | Lair:1   | Noticed Nergalle
 12857 | Lair:1   | Killed Nergalle
 12932 | Lair:1   | Identified the +6 flail "Igayreg" {protect, *Rage Str+2
                  | Int+3}
 13900 | Lair:3   | Reached skill level 5 in Invocations
 13904 | Lair:3   | Reached skill level 1 in Polearms
 14055 | Lair:3   | Noticed a boulder beetle
 14224 | Lair:3   | Killed a boulder beetle
 14325 | Lair:3   | Reached skill level 5 in Summonings
 14433 | Lair:3   | Identified the +2 robe of the Game Afoot {+Blink +Inv
                  | Str+3}
 14502 | Lair:3   | Reached XP level 13. HP: 71/74 MP: 26/26
 15651 | Lair:4   | Reached **** piety under Sif Muna
 15810 | Lair:4   | Reached skill level 10 in Spellcasting
 16337 | Lair:5   | Entered Level 5 of the Lair of Beasts
 16432 | Lair:5   | Reached skill level 5 in Ice Magic
 16618 | Lair:5   | Found a viscous altar of Jiyva.
 16618 | Lair:5   | Found a staircase to the Slime Pits.
 17166 | Lair:5   | Reached ***** piety under Sif Muna
 17335 | Lair:5   | Reached XP level 14. HP: 53/81 MP: 0/28
 17543 | Lair:5   | Reached skill level 10 in Fire Magic
 17543 | Lair:5   | Reached skill level 5 in Air Magic
 17549 | Lair:5   | Noticed a dire elephant
 17588 | Lair:5   | Killed a dire elephant
 17740 | Lair:5   | Learned a level 3 spell: Stone Arrow
 18151 | D:10     | Entered Level 10 of the Dungeon
 18392 | D:10     | Noticed Erolcha
 18399 | D:10     | Killed Erolcha
 18411 | D:10     | Reached skill level 10 in Conjurations
 19091 | D:11     | Received a gift from Sif Muna
 19141 | D:11     | You fall into a shaft and drop 2 floors!
 19400 | D:12     | Noticed Nessos
 19409 | D:12     | Killed Nessos
 20014 | D:11     | Received a gift from Sif Muna
 20190 | D:11     | Got Xurchen's Cyclopedia of the Salvo {god gift}
 20191 | D:11     | Found a staircase to the Orcish Mines.
 21660 | D:13     | Noticed Azrael
 21687 | D:13     | Learned a level 5 spell: Metabolic Englaciation
 21771 | D:13     | Killed Azrael
 22087 | D:13     | Reached skill level 5 in Polearms
 22473 | D:13     | Found a shadowy altar of Dithmenos.
 22818 | D:13     | HP: 2/86 [skeletal warrior/+0 heavy long sword (28)]
 22976 | D:13     | Reached skill level 5 in Fighting
 23064 | D:13     | Identified the +5 dagger "Zedghiof" {venom, Contam rN+
                  | Str+3}
 23404 | D:14     | Found a shimmering blue altar of Sif Muna.
 23477 | D:14     | Reached XP level 15. HP: 73/92 MP: 30/30
 23774 | D:14     | HP: 1/93 [centaur warrior/+0 mace (15)]
 23965 | Orc:1    | Entered Level 1 of the Orcish Mines
 24111 | Orc:1    | You fall into a shaft and drop 1 floor!
 24111 | Orc:2    | Entered Level 2 of the Orcish Mines
 24111 | Orc:2    | Found a staircase to the Elven Halls.
 24136 | Orc:2    | Received a gift from Sif Muna
 24137 | Orc:2    | Got Sif Muna's Compilation of Vapourous Outbursts {god
                  | gift}
 24146 | Orc:2    | Learned a level 6 spell: Starburst
 24893 | Orc:2    | Found Ifrejun's Assorted Antiques.
 24893 | Orc:2    | Found Peluenal's Antique Weapon Emporium.
 25531 | Orc:2    | Found Qagor's Antique Weapon Shoppe.
 25532 | Orc:2    | Found Feroelar's Armour Shoppe.
 25908 | Shoals:1 | Entered Level 1 of the Shoals
 26364 | Shoals:1 | Identified the +6 dagger of Massacring {freeze, Str+2}
 27145 | Shoals:2 | Received a gift from Sif Muna
 27147 | Shoals:2 | Reached XP level 16. HP: 91/101 MP: 19/32
 27161 | Shoals:2 | Got Sif Muna's Compilation of Necrotic Hurting {god gift}
 28386 | Shoals:2 | Reached skill level 10 in Invocations
 28754 | Shoals:3 | Found a runed translucent door.
 28917 | Shoals:3 | Killed from afar by a wind drake

Illustrated notes

Levels and vault maps discovered:
D:1:      amcnicky_arrival_underground_garden, layout_loops_ring, st_stairs_14
D:2:      layout_basic, shapermc_ecumenical_altar_totnotflames
D:3:      minmay_chambers_of_threes, layout_basic, uniq_crazy_yiuf_cottage
D:4:      layout_basic, nicolae_ossuary_entry_giza
D:5:      gammafunk_cloud_chamber, layout_gridville,
          nicolae_overflow_crystal_walls, uniq_duvessa
D:6:      layout_rooms, hangedman_decor_lopped
D:7:      layout_rooms, mainiacjoe_overflow_alcove_4, kennysheep_little_box,
          nicolae_ashenzari_panopticon, minmay_temple_entry_drinking_statues,
          kennysheep_donut
D:8:      layout_basic, special_room [special_room_orc], serial_ice,
          serial_ice_e, serial_ice_b, serial_ice_n, serial_ice_h, serial_ice_j,
          serial_ice_o, serial_ice_d, uniq_erica
D:9:      layout_long_grid, mainiacjoe_overflow_surrounded_room,
          david_lair_shrubbed, serial_shops, shop_statue, serial_bayou_crossing,
          uniq_maurice
D:10:     layout_stronghold, uniq_erolcha
D:11:     layout_gridville, hiddenorc2_lemuel
D:12:     kennysheep_demon_hangout, layout_loops_ring,
          kennysheep_generic_room_5, uniq_nessos
D:13:     layout_grid_maze, serial_demonic, serial_demonic_b, serial_demonic_d,
          serial_demonic_c, serial_demonic_g,
          eino_small_chamber_without_monster, nicolae_dithmenos_the_darkroom,
          uniq_azrael
D:14:     minmay_big_diamond_grid, layout_loops_ring, david_vaults_3,
          nicolae_sif_muna_condensation
Temple:   nicolae_temple_bog_church
Lair:1:   layout_regular_city, gauntlet_entry_generic, uniq_nergalle
Lair:2:   layout_cave_pods, hellmonk_spider_entry_life_and_decay,
          ebering_ghost_rock_garden, dreamdust_gnoll_shepherd, uniq_maggie
Lair:3:   layout_layer_cave, nicolae_shoals_entry_flooding, serial_bayou_shore_b
Lair:4:   layout_loops_ring, grunt_megastairs_5
Lair:5:   grunt_lair_end_beastmaster, layout_loops_ring, slime_entry_1
Shoals:1: layout_shoals
Shoals:2: layout_shoals, nicolae_shoals_arrival_archipelago
Shoals:3: layout_shoals, ebering_ghost_reflecting_pool, argonaut_gorgonesque
Orc:1:    layout_caves, minmay_orc_temple_b
Orc:2:    st_orc_open, layout_diamond_mine, guppyfry_library_mini

Skill      XL: |  1  2  3  4  5  6  7  8  9 10 11 12 13 14 15 16 |
---------------+-------------------------------------------------+-----
Stealth        | 3 |  3.5
Spellcasting   | 3 4 5 6 7 8 9 10 11 12 | 12.8
Shields        | 1 2 3 5 6 |  6.1
Conjurations   | 2 3 4 5 7 8 9 10 11 12 | 12.4
Short Blades   | 1 |  1.5
Fire Magic     | 4 5 6 7 9 10 11 12 | 12.0
Poison Magic   | 2 3 4 6 |  6.1
Staves         | 1 |  1.1
Air Magic      | 1 2 4 5 |  5.0
Hexes          | 1 2 3 4 |  4.3
Translocations | 1 3 4 |  4.2
Invocations    | 1 3 5 6 7 9 10 | 10.2
Summonings     | 1 3 5 6 |  6.8
Fighting       | 1 2 5 6 |  6.4
Ice Magic      | 2 4 5 |  5.8
Dodging        | 3 4 |  4.5
Polearms       | 1 3 5 6 |  6.5
Earth Magic    | |  0.6

Action                     |  1- 3 |  4- 6 |  7- 9 | 10-12 | 13-15 | 16-18 || total
---------------------------+-------+-------+-------+-------+-------+-------++-------
  Melee: Unarmed           |    16 |       |       |       |       |       ||    16
         Constrict         |     3 |    12 |    10 |     5 |    18 |     1 ||    49
         Tentacles         |     1 |    16 |    11 |     7 |    32 |       ||    67
         Dagger            |     2 |    39 |       |       |       |       ||    41
         Quarterstaff      |       |    13 |     2 |       |       |       ||    15
         Rapier            |       |       |    35 |     7 |       |       ||    42
         Punch             |       |       |     1 |       |     3 |       ||     4
         Glaive            |       |       |       |    13 |   165 |     5 ||   183
   Cast: Foxfire           |    51 |   103 |   155 |   163 |   382 |   111 ||   965
         Scorch            |     2 |    10 |    43 |   100 |   205 |    55 ||   415
         Inner Flame       |       |     1 |    10 |    12 |    44 |     1 ||    68
         Flame Wave        |       |       |     8 |    42 |    51 |     6 ||   107
         Mephitic Cloud    |       |       |     7 |     5 |    23 |     3 ||    38
         Fulminant Prism   |       |       |       |     8 |     5 |       ||    13
         Blink             |       |       |       |     7 |    18 |     3 ||    28
         Ozocubu's Armour  |       |       |       |     6 |    18 |     1 ||    25
         Summon Guardian G |       |       |       |     6 |    17 |     2 ||    25
         Stone Arrow       |       |       |       |       |    28 |     6 ||    34
         Metabolic Englaci |       |       |       |       |    18 |     6 ||    24
         Starburst         |       |       |       |       |    19 |    10 ||    29
         Ignition          |       |       |       |       |       |     1 ||     1
 Invoke: Channel Magic     |       |       |       |     1 |     5 |     2 ||     8
         Divine Exegesis   |       |       |       |       |       |     1 ||     1
  Evoke: Wand              |       |       |       |     1 |     2 |       ||     3
    Use: Potion            |     2 |       |     8 |     7 |     2 |     2 ||    21
         Scroll            |       |       |     7 |    10 |    14 |     1 ||    32
   Stab: Sleeping          |     2 |     8 |     3 |     3 |     7 |       ||    23
         Confused          |       |       |     1 |       |     2 |     2 ||     5
         Distracted        |       |       |     1 |     1 |       |       ||     2
 Armour: Skin              |     2 |     1 |     3 |    39 |    56 |     9 ||   110
  Dodge: Dodged            |    13 |    36 |    33 |   100 |   323 |    56 ||   561
  Block: Other             |       |       |       |       |    67 |    18 ||    85
         Reflection        |       |       |       |       |     9 |     8 ||    17

Table legend: (Time is in decaauts)
 A = Elapsed time spent in this place.
 B = Non-inter-level travel time spent in this place.
 C = Inter-level travel time spent in this place.
 D = Time resting spent in this place.
 E = Time spent auto-exploring this place.
 F = Levels seen in this place.
 G = Mean time per level.
                   A        B        C        D        E       F      G
               +--------+--------+--------+--------+--------+-----+--------+
         Total |  29152 |  28140 |   1012 |    728 |  20334 |  27 | 1079.7 |
       Dungeon |  16172 |  15518 |    654 |    513 |  11461 |  14 | 1155.1 |
        Temple |     65 |     53 |     12 |      0 |      0 |   1 |   65.0 |
          Lair |   6676 |   6391 |    285 |      0 |   4849 |   5 | 1335.2 |
        Shoals |   3023 |   2995 |     28 |    133 |   2227 |   3 | 1007.7 |
  Orcish Mines |   1775 |   1743 |     32 |      3 |   1066 |   2 |  887.5 |
       Ossuary |    534 |    534 |      0 |      0 |    400 |   1 |  534.0 |
      Gauntlet |    903 |    903 |      0 |     79 |    331 |   1 |  903.0 |
               +--------+--------+--------+--------+--------+-----+--------+

Top non-repeatable levels by time:
    D:13: 2090 daAuts
  Lair:5: 1754 daAuts
  Lair:3: 1574 daAuts
     D:5: 1481 daAuts
  Lair:2: 1473 daAuts
Shoals:2: 1454 daAuts
Shoals:1: 1379 daAuts
     D:8: 1371 daAuts
     D:9: 1369 daAuts
    D:11: 1343 daAuts
     D:3: 1139 daAuts
     D:6: 1081 daAuts
  Lair:4: 1072 daAuts
    D:12: 1070 daAuts
     D:2: 1055 daAuts
